 Dungeon Crawl Stone Soup version 0.29.1-1-gd02db6906a (webtiles) character file.

Game seed: 18072489839537065208

28 oldmanjim the Shooter (level 3, -1/22 HPs)
             Began as a Gargoyle Arcane Marksman on Sept 24, 2022.
             Was a Plaything of Xom.
             Slain by an adder (2 damage)
             ... on level 3 of the Dungeon.
             The game lasted 00:07:08 (1039 turns).

oldmanjim the Shooter (Gargoyle Arcane Marksman)    Turns: 1039, Time: 00:07:08

Health: -1/22      AC:  5    Str: 13    XL:     3   Next: 14%
Magic:  4/4        EV: 11    Int: 15    God:    Xom [..*...]
Gold:   10         SH:  0    Dex: 10    Spells: 3/4 levels left

rFire   . . .      SeeInvis .   b - +0 dagger
rCold   . . .      Faith    .   (no shield)
rNeg    + . .      Spirit   .   c - +0 robe
rPois   ∞          Reflect  .   (no helmet)
rElec   +          Harm     .   (no cloak)
rCorr   .          Rampage  .   (no gloves)
Will    .....                   (no boots)
Stlth   +.........              (no amulet)
HPRegen 0.07/turn               (no ring)
MPRegen 0.09/turn               (no ring)

@: no status effects
A: sickness immunity, AC +3, negative energy resistance 1, electricity
resistance, torment resistance 1, petrification resistance
a: Renounce Religion


You were on level 3 of the Dungeon.
You worshipped Xom.
You were a toy of Xom.
You visited 1 branch of the dungeon, and saw 3 of its levels.

You collected 10 gold pieces.

Inventory:

Hand Weapons
 a - a +1 sling
 b - a +0 dagger (weapon)
Missiles
 h - 13 stones
Armour
 c - a +0 robe (worn)
Scrolls
 d - a scroll of fear {unknown}
 e - a scroll of poison
 g - 2 scrolls of magic mapping {unknown}
 i - 2 scrolls of identify {unknown}
Potions
 f - a potion of experience {unknown}


   Skills:
 + Level 2.4 Fighting
 + Level 2.8 Ranged Weapons
 - Level 1.5 Dodging
 - Level 1.0 Spellcasting
 - Level 2.6 Hexes


You had 3 spell levels left.
You knew the following spells:

 Your Spells              Type           Power      Damage    Failure   Level
a - Slow                  Hex            32%        N/A       9%          1

Your spell library contained the following spells:

 Spells                   Type           Power      Damage    Failure   Level
 Inner Flame              Hex/Fire       4%         N/A       38%         3
 Portal Projectile        Hex/Tloc       8%         N/A       38%         3
 Cause Fear               Hex            4%         N/A       63%         4


Dungeon Overview and Level Annotations

Branches:
Dungeon (3/15)

Altars:
Xom

Shops:
D:2 *

Annotations:
D:2 1 runed translucent door, Crazy Yiuf


Innate Abilities, Weirdness & Mutations

You are immune to sickness and miasma.
Your stone body is resilient. (AC +3)
You are immune to poison.
You resist negative energy. (rN+)
You are resistant to electric shocks. (rElec)
You are resistant to unholy torment.
You are immune to petrification.


Message History

You are too injured to fight recklessly!
You are too injured to fight recklessly!
You closely miss the adder.
The adder is moderately wounded.
The adder bites you but does no damage.
You miss the adder.
The adder is moderately wounded.
The adder barely misses you.
You hit the adder but do no damage.
The adder is moderately wounded.
The adder bites you.
You hit the adder but do no damage.
The adder is moderately wounded.
The adder barely misses you. The adder misses you.
You hit the adder.
The adder is moderately wounded.
The adder bites you but does no damage.
You miss the adder.
The adder is moderately wounded.
The adder bites you but does no damage.
You hit the adder.
The adder is severely wounded.
The adder bites you. x2
You closely miss the adder.
The adder is severely wounded.
The adder bites you.
* * * LOW HITPOINT WARNING * * *
You closely miss the adder.
The adder is severely wounded.
The adder bites you.
* * * LOW HITPOINT WARNING * * *
You miss the adder.
The adder is severely wounded.
The adder bites you.
* * * LOW HITPOINT WARNING * * *
The adder bites you but does no damage.
You closely miss the adder.
The adder is severely wounded.
The adder bites you.
You die...

#############
#....@.......
#....S..####.
#.#####.... #
#####


You could see an adder.

Vanquished Creatures
  2 ball pythons (D:1)
  2 giant cockroaches
  7 hobgoblins
  3 kobolds
  3 quokkas (D:1)
  A bat (D:2)
  3 frilled lizards (D:1)
  3 goblins
  2 rats (D:1)
26 creatures vanquished.

Notes
Turn   | Place    | Note
-------+----------+-------------------------------------------
     0 | D:1      | oldmanjim the Gargoyle Arcane Marksman began the quest for
                  | the Orb.
     0 | D:1      | Reached XP level 1. HP: 12/12 MP: 2/2
   382 | D:1      | Reached XP level 2. HP: 17/17 MP: 3/3
   436 | D:1      | Found a faded altar of an unknown god.
   440 | D:1      | Prayed at the altar of an unknown god.
   440 | D:1      | Became a worshipper of Xom the Unpredictable
   616 | D:1      | You fall into a shaft and drop 1 floor!
   629 | D:2      | Found a runed translucent door.
   630 | D:2      | Noticed Crazy Yiuf
   833 | D:2      | Reached XP level 3. HP: 16/21 MP: 4/4
   996 | D:2      | Found Bafriropn's Assorted Antiques.
  1038 | D:3      | HP: 1/22 [adder (4)]
  1039 | D:3      | Slain by an adder

Illustrated notes

Levels and vault maps discovered:
D:1:      minmay_arrival_four_houses, layout_rooms, basic_ecumenical_altar
D:2:      layout_basic, serial_shops, shop, minmay_misc_feat_secret_circle,
          kennysheep_generic_room_10, uniq_crazy_yiuf_cottage
D:3:      layout_loops_ring, mainiacjoe_overflow_catwalk,
          mainiacjoe_overflow_24_doors, mainiacjoe_overflow_alcove_4,
          kennysheep_nondescript, uniq_ijyb

Skill      XL: |  1  2 |
---------------+-------+-----
Fighting       | 2 |  2.4
Ranged Weapons | |  2.8
Dodging        | |  1.5
Spellcasting   | |  1.0
Hexes          | |  2.6

Action                   || total
-------------------------++-------
Melee: Dagger            ||    42
 Fire: Sling             ||    56
 Cast: Slow              ||     5
Armor: Robe              ||    19
Dodge: Dodged            ||    30
